 Dungeon Crawl Stone Soup version 0.17-a0-1-g1f4be75 (webtiles) character file.

18 Malachi the Cudgeler (level 2, 17/18 HPs)
             Began as a Gargoyle Gladiator on Mar 11, 2015.
             Got out of the dungeon alive.
             The game lasted 00:00:40 (844 turns).

Malachi the Cudgeler (Gargoyle Gladiator)            Turns: 844, Time: 00:00:41

Health: 17/18      AC:  6    Str: 18    XL:     2   Next: 66%
Magic:  2/2        EV: 12    Int:  8    God:
Gold:   24         SH:  0    Dex: 10    Spells: 0 memorised, 1 level left

rFire  . . .     SeeInvis .     a - +0 flail
rCold  . . .     Clarity  .     b - +0 leather armour
rNeg   + . .     SustAb   .     (no shield)
rPois  ∞         Gourm    .     c - +0 helmet
rElec  +         Spirit   .     (no cloak)
rCorr  .         Warding  .     (no gloves)
rMut   .         Stasis   .     (no boots)
MR     .....                    (no amulet)
Stlth  +.........               (no ring)
                                (no ring)

@: not resistant to hostile enchantments, very unstealthy
A: negative energy resistance 1, electricity resistance, unbreathing,
petrification resistance, rot immunity, AC +2
a: no special abilities


You escaped.
You were not hungry.

You visited 1 branch of the dungeon, and saw 1 of its levels.

You collected 24 gold pieces.

Inventory:

Hand weapons
 a - a +0 flail (weapon)
Missiles
 d - 3 throwing nets (quivered)
Armour
 b - a +0 leather armour (worn)
 c - a +0 helmet (worn)
Jewellery
 h - a +4 ring of strength {unknown}
 i - an uncursed ring of protection from fire {unknown}
Scrolls
 e - a scroll of identify {unknown}
 g - a scroll of random uselessness {unknown}
 o - a scroll of amnesia {unknown}
Potions
 j - a potion of cure mutation {unknown}
 m - a potion of lignification {unknown}
Comestibles
 f - 2 bread rations
 k - a beef jerky
 l - a meat ration
 n - 2 fruits


   Skills:
 + Level 2.5 Fighting
 + Level 3.1 Maces & Flails
 + Level 2.1 Throwing
 + Level 0.4 Armour
 + Level 2.7 Dodging


You had one spell level left.
You didn't know any spells.

Dungeon Overview and Level Annotations

Branches:
Dungeon (1/15)

Altars:


Innate Abilities, Weirdness & Mutations

You are resistant to torment.
You are immune to poison.
Your stone body is very resilient (AC +2).
You resist negative energy.
You are resistant to electric shocks.
You can survive without breathing.
You are immune to petrification.
You are immune to rotting.


Message History

A kobold is nearby!
A kobold is nearby!
You see here a scroll labeled SHRYAHO CLOSCHI.
The kobold hits you but does no damage.
You barely miss the kobold. The kobold hits you but does no damage.
You closely miss the kobold. The kobold hits you but does no damage.
The kobold barely misses you.
You closely miss the kobold. The kobold closely misses you.
You closely miss the kobold. The kobold hits you but does no damage.
You hit the kobold but do no damage. The kobold hits you.
You closely miss the kobold. The kobold barely misses you.
The kobold closely misses you.
You sock the kobold!
You kill the kobold!
No target in view!
No target in view!
o - a scroll labeled SHRYAHO CLOSCHI
There is a staircase leading out of the dungeon here.
Are you sure you want to leave the Dungeon?
This will make you lose the game!
You have escaped!

#.#..###.........###...# #.#.##
##.......## ##..# #.#.# #.......#
#..# #.#.## ##.......## ##.##
#.#..###.........###..#
#.#...................#
#.#...................#
#.#...................#
#...........@.........#
#.....................#
#####.#...................#
..............(...........##
######...###.........###...######
.# ##.## ##..[.(..## ##........
.######.# #.......# #.#######
........## ##.......## ##†#
.###.#...###.........###..#


There were no monsters in sight!

Vanquished Creatures
  2 giant geckos (D:1)
  A giant cockroach (D:1)
  2 goblins (D:1)
  2 hobgoblins (D:1)
  4 kobolds (D:1)
  A ball python (D:1)
  2 bats (D:1)
  A rat (D:1)
15 creatures vanquished.

Notes
Turn   | Place    | Note
--------------------------------------------------------------
     0 | D:1      | Malachi, the Gargoyle Gladiator, began the quest for the Orb.
     0 | D:1      | Reached XP level 1. HP: 12/12 MP: 1/1
   213 | D:1      | Reached XP level 2. HP: 8/18 MP: 2/2
   844 | D:$      | Got out of the dungeon alive.

Action                   || total
-------------------------++-------
Melee: Flail             ||    60
